Map: New Repugnancy LE

Players

bakedpotato

  • Race: Terran Terran
  • League: Gold
  • Spawn Location: 7:00

Sketchaphone - Winner!

  • Race: Zerg Zerg
  • League: Gold
  • Spawn Location: 1:00

VOD

Have the link to the VOD?

Description

Time

  • Played on: Feb. 1, 2019, 7:50 p.m.
  • Length: 15:59
Show
View Real Time Build Order
Export as new Build Order

bakedpotato Terran 

Build Orders:  

Get SALT Encoding   

  12  0:01  SCV  
  13  0:14  SCV  
  14  0:25  Supply Depot  
  14  0:27  SCV  
  15  0:43  Supply Depot  
  15  0:47  SCV  
  16  0:50  Barracks  
  16  0:59  SCV  
  17  1:07  Engineering Bay  
  17  1:11  SCV  
  18  1:23  SCV  
  19  1:32  Barracks  
  19  1:49  Supply Depot  
  19  1:50  Barracks  
  19  1:51  Marine  
  20  2:02  SCV  
  20  2:03  Barracks  
  21  2:20  Supply Depot  
  21  2:22  Marine  
  22  2:23  Marine  
  22  2:26  Barracks  
  23  2:36  SCV  
  24  2:39  Marine  
  24  2:40  Marine  
  26  3:01  Refinery  
  26  3:11  Command Center  
  26  3:16  Refinery, SCV  
  27  3:22  Marine x2  
  27  3:26  Marine  
  30  3:28  SCV  
  30  3:29  Marine  
  32  3:42  Orbital Command  
  32  3:52  Marine x3  
  35  4:04  Factory  
  35  4:10  SCV  
  36  4:22  SCV  
  38  4:24  SCV  
  38  4:28  Refinery  
  38  4:35  SCV  
  38  4:36  Marine x2, SCV  
  38  4:37  Marine  
  43  4:39  Marine x2  
  45  4:48  Factory Tech Lab, SCV  
  46  4:53  Factory  
  46  4:57  Marine x2  
  46  4:59  Marine  
  49  5:00  SCV  
  49  5:01  Marine  
  49  5:03  Marine  
  52  5:35  SCV  
  52  5:47  SCV  
  53  5:59  SCV  
  54  6:11  SCV  
  55  7:16  Siege Tank  
  58  7:30  Starport  
  58  7:31  Starport x2  
  58  7:33  Starport  
  58  7:41  Factory Tech Lab  
  58  7:44  Command Center  
  58  7:48  Siege Tank  
  61  7:52  Refinery, SCV  
  62  8:13  Starport  
  62  8:17  Supply Depot  
  62  8:19  Supply Depot  
  62  8:21  Supply Depot  
  62  8:22  Starport Tech Lab x3  
  62  8:23  Supply Depot, Starport Tech Lab  
  62  8:29  Fusion Core  
  62  8:39  SCV x2  
  64  8:46  Siege Tank x2  
  70  8:51  SCV  
  70  8:55  Orbital Command  
  71  9:01  Supply Depot  
  71  9:02  Starport Tech Lab, Supply Depot  
  71  9:03  SCV  
  72  9:11  Refinery  
  72  9:13  Refinery  
  72  9:15  SCV  
  73  9:27  SCV  
  73  9:28  Battlecruiser x3  
  92  9:45  Armory x2  
  92  10:01  Battlecruiser  
  98  10:22  Orbital Command  
  98  10:30  Missile Turret  
  98  10:38  Battlecruiser  
  98  10:39  Missile Turret  
  98  10:40  Battlecruiser  
  110  10:45  Terran Vehicle And Ship Armor Level 1  
  110  10:58  Missile Turret  
  110  10:59  Missile Turret  
  110  11:02  Missile Turret  
  116  11:04  Battlecruiser  
  116  11:10  Terran Ship Weapons Level 1  
  110  11:55  SCV  
  110  12:00  Battlecruiser x2  
  123  12:07  SCV  
  124  12:13  Weapon Refit  
  124  12:19  SCV  
  94  12:56  Battlecruiser x2  
  79  13:37  Battlecruiser x2  
  78  13:58  Supply Depot  
  78  14:00  Supply Depot  
  75  14:26  Fusion Core  
Show
View Real Time Build Order
Export as new Build Order

Sketchaphone Zerg - Winner!

Build Orders: Hatch First, Muta Ling Bane 

Get SALT Encoding   

  12  0:01  Drone  
  13  0:16  Overlord  
  13  0:17  Drone  
  14  0:27  Extractor  
  14  0:28  Drone  
  15  0:39  Drone  
  15  0:40  Drone  
  17  0:58  Hatchery  
  17  1:04  Drone  
  17  1:06  Extractor  
  17  1:07  Drone  
  17  1:20  Drone  
  17  1:23  Spawning Pool  
  17  1:48  Hatchery  
  17  1:51  Drone  
  17  1:54  Drone  
  17  2:01  Drone  
  19  2:11  Metabolic Boost  
  19  2:17  Queen  
  21  2:24  Drone  
  22  2:36  Drone  
  23  2:37  Overlord  
  23  2:38  Zergling x4  
  23  2:42  Drone  
  28  3:05  Drone x2  
  28  3:06  Overlord x2  
  28  3:07  Drone  
  28  3:11  Queen  
  32  3:14  Hatchery  
  31  3:31  Hatchery  
  30  3:39  Drone x3  
  33  3:52  Queen  
  33  3:53  Drone x2  
  33  3:54  Overlord, Drone  
  38  4:01  Zergling x2  
  39  4:11  Drone x2  
  39  4:12  Drone  
  42  4:18  Queen  
  44  4:27  Queen  
  44  4:28  Queen, Drone x2  
  50  4:40  Drone x2  
  50  4:41  Drone x3  
  50  4:42  Overlord x2  
  55  4:45  Extractor  
  55  4:47  Extractor  
  55  4:48  Extractor  
  52  4:54  Evolution Chamber  
  52  4:58  Drone x2  
  55  5:07  Drone x2  
  55  5:08  Drone  
  58  5:15  Spore Crawler, Drone x3  
  58  5:18  Spine Crawler  
  58  5:19  Spine Crawler  
  56  5:29  Zergling x6  
  56  5:33  Zergling x18  
  68  5:37  Zerg Melee Weapons Level 1  
  68  5:43  Evolution Chamber  
  68  5:44  Lair  
  64  5:58  Drone x2  
  64  6:02  Queen  
  64  6:03  Spore Crawler  
  67  6:07  Pneumatized Carapace  
  67  6:10  Zerg Ground Armor Level 1  
  67  6:12  Drone x2  
  67  6:15  Drone x3  
  67  6:17  Drone  
  67  6:18  Drone  
  74  6:20  Zergling x2  
  74  6:21  Zergling x2  
  76  6:37  Drone x2  
  78  6:49  Queen  
  80  7:02  Overlord x2  
  80  7:11  Hatchery  
  80  7:12  Baneling Nest, Spire  
  77  7:19  Hatchery  
  76  7:27  Overlord x2  
  76  7:28  Overlord x2  
  76  7:36  Overlord  
  76  7:37  Overlord  
  76  7:38  Overlord, Zerg Melee Weapons Level 2  
  76  7:44  Zergling x6  
  78  7:47  Drone x5  
  78  7:48  Drone x3  
  87  8:03  Centrifical Hooks  
  87  8:09  Overlord  
  87  8:10  Overlord x2  
  87  8:11  Zergling x10  
  92  8:26  Corruptor  
  92  8:27  Corruptor x2  
  90  8:41  Zerg Flyer Weapons Level 1  
  90  8:45  Mutalisk  
  90  8:46  Mutalisk x6  
  104  8:52  Extractor x2  
  104  8:55  Queen  
  104  9:18  Zerg Ground Armor Level 2  
  104  9:19  Infestation Pit  
  104  9:23  Queen  
  105  9:26  Drone x2  
  105  9:27  Drone  
  105  9:31  Queen  
  108  9:34  Drone x5  
  108  9:35  Drone  
  116  9:41  Mutalisk x6  
  116  9:43  Zergling x8  
  132  9:54  Infestation Pit  
  132  9:56  Drone x2  
  133  10:04  Drone x2  
  144  10:32  Mutalisk x5  
  144  10:35  Overlord, Zergling x4  
  156  10:36  Zergling x26  
  169  10:45  Overlord, Zergling x4  
  183  11:16  Hive  
  183  11:17  Overlord, Burrow  
  183  11:18  Zergling x20  
  185  11:44  Corruptor  
  185  11:45  Corruptor x5  
  192  11:47  Zergling x22  
  197  11:55  Zergling x2  
  197  11:57  Baneling x8  
  197  11:58  Overlord x2, Baneling  
  197  11:59  Zergling x2  
  199  12:18  Baneling x13  
  199  12:19  Baneling  
  198  12:50  Zergling x6  
  198  12:51  Zergling x24  
  199  13:10  Corruptor  
  199  13:11  Corruptor  
  200  13:13  Overlord  
  193  13:20  Corruptor x4  
  199  13:29  Corruptor x2  
  188  13:40  Corruptor x5  
  183  13:50  Corruptor x2  
  183  13:53  Zergling x18  
  194  13:56  Extractor  
  194  13:58  Drone x2, Extractor x3  
  194  14:00  Spore Crawler  
  191  14:05  Overlord  
  191  14:06  Corruptor x2  
  187  14:24  Drone x3  
  183  14:34  Spore Crawler x2  
  179  14:39  Drone x18  
  179  14:44  Corruptor  
  182  15:04  Corruptor x4  
  183  15:27  Overlord  
  183  15:33  Spawning Pool  
  182  15:36  Drone x4  
Tags
 
Composition
Muta Ling Bane
League
GoldGold
Matchup
TvZ
Replay Pack
init
Spawn Locations
Cross Positions
Add a new tag
Caveats
  • Supply blocks, unpowered buildings, or Contaminate may cause inaccurate times.
  • Supply counts are checked every 10 seconds.